[Event "22nd Alekhine FIDE 2018"]
[Site "Voronezh"]
[Date "2018.06.13"]
[Round "2"]
[White "Khajrutdinov, Ildar"]
[Black "Pivina, Mariya"]
[Result "*"]
[ECO "D37"]
[WhiteElo "2106"]
[BlackElo "1941"]
[Annotator "ChessBase"]
[PlyCount "46"]
[EventDate "2018.??.??"]
[EventType "swiss"]
[EventCountry "RUS"]
[SourceTitle "playchess.com"]
[Source "ChessBase"]
[SourceQuality "1"]
[TimeControl "40/5400+30:1800+30"]

1. d4 Nf6 2. Nf3 e6 3. c4 d5 4. Nc3 Nbd7 5. cxd5 exd5 6. Bg5 Be7 7. e3 c6 8. Bd3 Nh5 9. Bxe7 Qxe7 10. O-O Ndf6 11. Ne5 g6 12. Rb1 O-O 13. b4 Ng7 14. Na4 a6 15. Nc5 Bf5 16. a4 Bxd3 17. Qxd3 Ne6 18. Rfc1 a5 19. Nxe6 Qxe6 20. b5 Rfc8 21. bxc6 bxc6 22. Rb6 Nd7 23. Nxd7 Qxd7 *

[Event "22nd Alekhine FIDE 2018"]
[Site "Voronezh"]
[Date "2018.06.13"]
[Round "2"]
[White "Popelyshev, Igor V."]
[Black "Krupin, Victor"]
[Result "*"]
[ECO "C14"]
[WhiteElo "2095"]
[BlackElo "1938"]
[Annotator "NA RC"]
[PlyCount "59"]
[EventDate "2018.??.??"]
[EventType "swiss"]
[EventCountry "RUS"]
[SourceTitle "playchess.com"]
[Source "ChessBase"]
[SourceQuality "1"]
[TimeControl "40/5400+30:1800+30"]

1. e4 e6 2. d4 d5 3. Nc3 Nf6 4. Bg5 Be7 5. e5 Nfd7 6. Bxe7 Qxe7 7. Nf3 a6 8. Qd2 c5 {[%emt 0:00:28] C14: Französische Verteidigung (Klassische Hauptvariante)} 9. Ne2 (9. dxc5 Nc6 10. O-O-O Nxc5 11. Qe3 b5 12. Nd4 Nxd4 13. Rxd4 b4 14. Ne2 O-O 15. Ng3 f5 16. exf6 Qxf6 {½-½ (74) Yildiz,B (2282)-Shen,Y (2459) Shenzhen 2011}) 9... cxd4 10. Nexd4 Nc6 11. Nxc6 bxc6 12. Bd3 Nc5 $146 ({Vorgänger:} 12... Rb8 13. c3 Nc5 14. b4 Nxd3+ 15. Qxd3 c5 16. bxc5 Qxc5 {1-0 (61) Hoffmann,H (2236)-Nautsch,W (2270) Rheda Wiedenbrueck 2001}) 13. O-O Nxd3 14. cxd3 Bd7 15. b4 c5 16. bxc5 Qxc5 17. Rfc1 Qa3 18. Rc7 Rd8 19. Rb1 O-O 20. Rbb7 Qa4 21. h3 Bb5 22. d4 Rc8 23. Rxc8 Rxc8 24. Ng5 Rf8 25. Qf4 Be8 26. Qg4 Bd7 27. Qh4 (27. h4 $11 {hält das Gleichgewicht.}) 27... h6 28. Nf3 Bb5 29. Qe7 Qxa2 $19 30. Qc7 *

[Event "22nd Alekhine FIDE 2018"]
[Site "Voronezh"]
[Date "2018.06.13"]
[Round "2"]
[White "Yakimenko, Alexander A."]
[Black "Levicheva, Ekaterina"]
[Result "*"]
[ECO "C13"]
[WhiteElo "2094"]
[BlackElo "1908"]
[Annotator "NA"]
[PlyCount "47"]
[EventDate "2018.??.??"]
[EventType "swiss"]
[EventCountry "RUS"]
[SourceTitle "playchess.com"]
[Source "ChessBase"]
[SourceQuality "1"]
[TimeControl "40/5400+30:1800+30"]

1. e4 e6 2. d4 d5 3. Nc3 Nf6 4. Bg5 Be7 5. e5 Nfd7 6. h4 f6 7. exf6 Nxf6 {[%emt 0:00:32] C14: French: Classical System: 4 Bg5 Be7 main line} 8. Bd3 (8. Nf3 c5 9. Bb5+ Bd7 10. Qe2 O-O 11. Bxd7 Qxd7 12. O-O-O Nc6 13. Rhe1 cxd4 14. Nxd4 Nxd4 15. Rxd4 {0-1 (64) Harper,R (2293)-L'Ami,A (2415) Bridgetown 2014}) 8... Nbd7 9. Qe2 Nf8 10. O-O-O $146 ({Predecessor:} 10. Nf3 c6 11. Ne5 N8d7 12. Ng6 Rg8 13. Nxe7 Qxe7 14. Bxh7 Rh8 15. Bg6+ {1-0 (23) Korcz,D (1800)-Benkovsky,P (1677) Ruzomberok 2016}) 10... c6 11. Nf3 Bd7 12. Ne5 Rg8 13. Bxf6 Bxf6 14. Bxh7 Nxh7 15. Qh5+ Ke7 16. Qxh7 Bxe5 17. dxe5 Qf8 18. Qh5 ({Besser ist} 18. f3 $16) 18... Qf4+ 19. Kb1 Raf8 20. Rhf1 Rh8 21. Qe2 Qxh4 22. Qe3 b6 23. g3 Qh5 24. Ne2 $11 *

[Event "22nd Alekhine FIDE 2018"]
[Site "Voronezh"]
[Date "2018.06.13"]
[Round "2"]
[White "Ioffe, Evgeny"]
[Black "Leolko, Ludmila"]
[Result "*"]
[ECO "B22"]
[WhiteElo "2079"]
[BlackElo "1901"]
[Annotator "NA"]
[PlyCount "58"]
[EventDate "2018.??.??"]
[EventType "swiss"]
[EventCountry "RUS"]
[SourceTitle "playchess.com"]
[Source "ChessBase"]
[SourceQuality "1"]
[TimeControl "40/5400+30:1800+30"]

1. e4 c5 2. c3 d5 3. exd5 Qxd5 4. d4 Nc6 5. Nf3 Bg4 6. dxc5 Qxd1+ 7. Kxd1 e5 {[%emt 0:00:14] B22: Sicilian: 2 c3} 8. Be3 (8. b4 a5 9. b5 Na7 10. Be3 Ne7 11. Kc2 f6 12. a4 Nd5 13. c6 Bf5+ 14. Kc1 Nxe3 15. cxb7 {0-1 (78) Zhigalko,S (2678)-Al Modiahki,M (2549) Dubai 2014}) 8... Nf6 9. Be2 O-O-O+ 10. Ke1 Nd5 11. b4 e4 $146 ({Viel schlechter ist} 11... Nxe3 12. fxe3 Bxf3 13. Bxf3 $14) ({Lieber} 11... Be7 $11) ({Predecessor:} 11... f6 12. a3 Bf5 13. c4 Nxe3 14. fxe3 a5 15. Nh4 Be6 {½-½ (41) Orosi,P (2017)-Vrtiakova,A (1970) Slovakia 2015}) 12. Ng5 Nxe3 13. fxe3 Bxe2 14. Kxe2 Rd7 15. Rf1 Ne5 16. Nd2 g6 17. Ndxe4 ({Don't play} 17. Ngxe4 $6 f5 $14) 17... h6 (17... f5 $142) 18. Nf3 Nc4 19. Rad1 Bg7 20. Rxd7 Kxd7 21. Kd3 Nb2+ 22. Kc2 Nc4 23. Rd1+ Kc7 24. Rd3 Re8 25. Nfd2 Ne5 26. Nd6 Rf8 27. Rd5 Ng4 28. N2c4 Kc6 29. e4 Nxh2 $18 (29... Nf6 $142 30. Re5 Ng8) *

[Event "22nd Alekhine FIDE 2018"]
[Site "Voronezh"]
[Date "2018.06.13"]
[Round "2"]
[White "Bobkov, Vadim"]
[Black "Pokhlebin, Sergej"]
[Result "*"]
[ECO "D31"]
[WhiteElo "2058"]
[BlackElo "1898"]
[Annotator "NA RC"]
[PlyCount "36"]
[EventDate "2018.??.??"]
[EventType "swiss"]
[EventCountry "RUS"]
[SourceTitle "playchess.com"]
[Source "ChessBase"]
[SourceQuality "1"]
[TimeControl "40/5400+30:1800+30"]

1. d4 d5 2. c4 e6 3. Nc3 Bb4 4. cxd5 exd5 5. Bf4 Nf6 6. e3 O-O 7. Bd3 Re8 8. Nge2 Nh5 9. Bg3 g6 10. a3 Bf8 11. Nf4 Nxf4 12. Bxf4 c6 13. O-O a5 14. b4 axb4 15. axb4 Rxa1 16. Qxa1 Na6 17. Bxa6 bxa6 18. Rb1 Bf5 $11 *

[Event "22nd Alekhine FIDE 2018"]
[Site "Voronezh"]
[Date "2018.06.13"]
[Round "2"]
[White "Bitkinin, Lenar"]
[Black "Morgachev, Sergey"]
[Result "*"]
[ECO "A45"]
[WhiteElo "2055"]
[BlackElo "1889"]
[Annotator "NA RC"]
[PlyCount "23"]
[EventDate "2018.??.??"]
[EventType "swiss"]
[EventCountry "RUS"]
[SourceTitle "playchess.com"]
[Source "ChessBase"]
[SourceQuality "1"]
[TimeControl "40/5400+30:1800+30"]

1. d4 Nf6 2. Bg5 Ne4 3. Bf4 c5 4. d5 e6 5. dxe6 fxe6 6. e3 Nf6 7. Nc3 a6 8. g4 d5 9. g5 Ng8 10. Bd3 Bd6 (10... Ne7 $14) 11. Qh5+ Kd7 12. O-O-O $16 *

[Event "22nd Alekhine FIDE 2018"]
[Site "Voronezh"]
[Date "2018.06.13"]
[Round "2"]
[White "Shoshin, Kirill"]
[Black "Lebedev, Mikhail S."]
[Result "*"]
[ECO "E73"]
[WhiteElo "1938"]
[BlackElo "2103"]
[Annotator "NA"]
[PlyCount "40"]
[EventDate "2018.??.??"]
[EventType "swiss"]
[EventCountry "RUS"]
[SourceTitle "playchess.com"]
[Source "ChessBase"]
[SourceQuality "1"]
[TimeControl "40/5400+30:1800+30"]

1. d4 Nf6 2. c4 g6 3. Nc3 Bg7 4. e4 d6 5. Be2 O-O 6. Bg5 c5 7. dxc5 Qa5 8. Bd2 Qxc5 9. Nf3 Be6 10. b3 {[%emt 0:19:54] LiveBook: 3 Games. E74: King's Indian: Averbakh Variation: 6...c5} (10. Qc2 $11) 10... a6 ({Black should try} 10... Ng4 $15 11. O-O Bxc3 12. Bxc3 Ne3) (10... Re8 11. O-O h6 12. Rc1 Na6 13. Be3 Qc8 14. Nd4 Nc5 15. f3 Bd7 16. Qd2 Kh7 17. Nd5 b6 {1-0 (91) Blohberger,F (2355)-Ratsma,R (2295) Zadar 2017}) 11. O-O $14 Nbd7 12. Rc1 {[%emt 0:03:13] White is slightly better.} Rfc8 (12... Bg4 $14) 13. Be3 Qa5 14. Nd4 b5 15. Nxe6 $146 ({Better is Predecessor:} 15. Nd5 $16 Bf8 (15... Bxd5 16. exd5 Qxa2 17. Ra1 {½-½ (31) Garcia Vicente,N (2245)-Batceceg,T (2195) Manila 1992}) 16. Nxf6+ (16. cxb5 Bxd5 17. exd5 Rxc1 $14) 16... Nxf6 17. cxb5 (17. Nxe6 fxe6 18. Bg4 Kf7 $16) 17... axb5 18. Bxb5 (18. Nxe6 fxe6 19. f3 Bg7 $14)) 15... fxe6 16. Bg4 (16. Qe1 $14) 16... Nxg4 $15 17. Qxg4 Nf8 18. Bd2 bxc4 19. bxc4 (19. Qf3 $17) 19... Rxc4 $19 20. Nd5 $2 {[%emt 0:01:28] [#]} (20. Qf3 {is a better chance.} Qa3 21. Ne2 Qxf3 22. gxf3) 20... Qxd5 $1 {[%emt 0:00:08] Precision: White = 19%, Black = 20%.} *